Map: Last Remnant

Players

BarackObama

  • Race: Terran Terran
  • Spawn Location: 6:00

Coldfran

  • Race: Terran Terran
  • League: Gold
  • Spawn Location: 9:00

ALEXQIU

  • Race: Protoss Protoss
  • League: Platinum
  • Spawn Location: 6:00

Zver

  • Race: Protoss Protoss
  • Spawn Location: 7:00

Asystole

  • Race: Terran Terran
  • Spawn Location: 3:00

Shlansk

  • Race: Terran Terran
  • League: Diamond
  • Spawn Location: 1:00

JaySlays

  • Race: Zerg Zerg
  • Spawn Location: 12:00

Wolf

  • Race: Protoss Protoss
  • League: Diamond
  • Spawn Location: 12:00

VOD

Have the link to the VOD?

Description

Time

  • Played on: April 4, 2018, 12:35 a.m.
  • Length: 16:53
Show
View Real Time Build Order
Export as new Build Order

BarackObama Terran 

Build Orders: MMM Bio 

Get SALT Encoding   

  12  0:41  Supply Depot  
  12  0:44  SCV  
  13  0:54  Refinery  
  13  0:56  SCV  
  14  1:05  Barracks  
  14  1:11  SCV  
  15  1:23  SCV  
  16  1:26  Barracks  
  16  1:35  SCV  
  17  1:47  SCV  
  17  1:52  Marine  
  19  2:01  Command Center  
  19  2:09  Orbital Command  
  19  2:13  Marine  
  20  2:16  Marine  
  21  2:31  Marine  
  21  2:32  Factory  
  21  2:37  Supply Depot  
  22  2:45  SCV  
  22  2:49  Barracks  
  23  2:57  Supply Depot  
  23  2:58  Marine, SCV  
  25  3:04  Marine  
  26  3:08  Supply Depot  
  26  3:13  SCV  
  26  3:16  Factory Tech Lab  
  26  3:19  Starport  
  27  3:21  Marine  
  27  3:24  SCV  
  27  3:26  Marine  
  30  3:34  Refinery  
  30  3:36  Marine  
  30  3:41  Siege Tank  
  34  3:42  SCV  
  34  3:47  Marine  
  36  3:52  Orbital Command  
  36  3:57  Starport Reactor  
  36  4:01  Barracks Tech Lab  
  36  4:02  Marine  
  36  4:04  SCV  
  38  4:11  Supply Depot  
  38  4:12  Marine  
  39  4:22  SCV  
  40  4:30  Marine x3  
  43  4:32  Engineering Bay  
  43  4:35  SCV  
  44  4:40  Supply Depot  
  44  4:43  Medivac  
  46  4:47  SCV  
  46  4:48  Marine  
  46  4:49  SCV  
  49  4:56  Marine, Engineering Bay  
  50  5:00  SCV  
  50  5:05  Marine  
  50  5:07  Medivac  
  54  5:10  Stimpack  
  54  5:15  SCV  
  55  5:22  Marine  
  55  5:26  SCV  
  57  5:31  Marine, Barracks Tech Lab, Sensor Tower  
  58  5:37  SCV  
  59  5:44  Marine  
  59  5:47  SCV  
  59  5:48  Siege Tank  
  59  5:49  Marine  
  65  5:53  Refinery  
  65  5:55  SCV  
  65  5:56  Marine  
  67  6:08  Combat Shields, Marauder  
  67  6:10  SCV  
  70  6:14  Command Center  
  70  6:19  Marine  
  71  6:26  SCV  
  71  6:28  Refinery  
  71  6:31  Terran Infantry Armor Level 1  
  71  6:32  Supply Depot, Marine, SCV  
  73  6:33  Marine  
  73  6:36  Marine  
  73  6:38  SCV  
  76  6:48  SCV  
  76  6:50  Marine  
  76  6:54  Marine, SCV  
  78  6:58  Marine  
  81  7:01  SCV  
  82  7:08  Marine  
  82  7:11  Marine  
  84  7:16  Marine  
  84  7:18  SCV  
  84  7:19  Terran Infantry Weapons Level 1  
  84  7:20  Sensor Tower  
  86  7:25  SCV  
  87  7:30  Supply Depot  
  87  7:32  Supply Depot  
  87  7:33  Supply Depot  
  87  7:34  Barracks  
  87  7:35  Supply Depot, Marine, Barracks  
  88  7:38  SCV  
  88  7:43  SCV  
  90  7:48  Marauder  
  90  7:50  SCV  
  93  7:55  Barracks Reactor  
  93  7:58  Medivac  
  93  8:02  SCV, Orbital Command  
  96  8:06  SCV  
  96  8:08  Marauder  
  99  8:14  SCV  
  100  8:20  SCV  
  100  8:21  Missile Turret  
  100  8:22  Marauder  
  100  8:26  SCV  
  104  8:29  Barracks Reactor, Marauder  
  104  8:30  Barracks Reactor  
  104  8:32  SCV  
  107  8:39  Marine  
  109  8:41  SCV, Armory  
  109  8:45  Marauder  
  109  8:47  SCV  
  112  8:48  Marine  
  112  8:50  Medivac, Marauder  
  112  8:51  Medivac  
  119  8:57  Marine  
  120  9:04  SCV  
  120  9:05  SCV  
  120  9:06  Marine x2  
  120  9:07  Marauder  
  120  9:08  SCV  
  127  9:12  Marauder  
  127  9:15  Siege Tank  
  132  9:17  SCV  
  132  9:20  Marine, Medivac  
  136  9:25  SCV  
  136  9:28  Marauder  
  139  9:33  Marauder  
  141  9:42  Marine x6  
  141  9:45  SCV  
  128  9:47  Terran Vehicle Weapons Level 1  
  128  9:49  Marine  
  129  9:54  Marine  
  129  9:57  Barracks x2  
  129  9:58  Barracks, Medivac  
  129  9:59  Marine x3, Missile Turret  
  132  10:02  SCV  
  136  10:07  SCV, Marauder  
  136  10:11  Medivac  
  141  10:17  Terran Infantry Weapons Level 2  
  141  10:19  Terran Infantry Armor Level 2  
  141  10:24  Supply Depot, Siege Tank  
  141  10:27  Refinery  
  144  10:29  Marine x2  
  146  10:36  Marine x3, Marauder  
  146  10:42  Marine  
  151  10:44  Marauder  
  151  10:47  Marine  
  151  10:48  SCV  
  154  10:52  Marine  
  154  10:56  Medivac x2  
  134  11:05  Marine  
  134  11:07  SCV  
  132  11:13  SCV  
  132  11:15  Marine  
  134  11:22  Marine  
  134  11:23  Marine x6  
  141  11:26  Medivac  
  141  11:27  Barracks Reactor x3  
  143  11:33  Marine, SCV  
  143  11:37  Missile Turret  
  145  11:40  Marine x2  
  145  11:41  Marine x2  
  145  11:42  Marauder x2  
  145  11:46  Marine  
  154  11:51  Marine  
  155  11:58  Marine x4  
  158  12:02  Marine  
  158  12:04  Marine  
  158  12:05  Marine x3  
  158  12:07  Medivac  
  165  12:33  Marine x6  
  165  12:34  Medivac, Terran Infantry Weapons Level 3  
  165  12:35  Siege Tank  
  176  12:38  Medivac  
  178  12:46  Marine x4  
  178  12:47  Marauder  
  184  12:58  Marine  
  184  12:59  Marine x2  
  184  13:00  Marauder  
  187  13:11  Marine x3  
  173  13:14  Medivac x2  
  173  13:15  Marine  
  153  13:22  Marine  
  153  13:25  SCV  
  149  13:40  Marine x4  
  149  13:41  Marine x2  
  154  13:44  Medivac x2  
  154  13:47  Marine x4  
  163  13:49  Marine x4  
  164  14:02  Siege Tank  
  167  14:03  Marine  
  168  14:10  Marine x4  
  168  14:14  Medivac x2  
  172  14:24  Marine x5  
  168  14:26  Marine x2  
  168  14:27  Marine  
  168  14:28  Marine  
  177  14:34  Siege Tank  
  177  14:38  Marine x4  
  178  14:44  Marine x2, Medivac x2  
  178  14:45  Marine x2  
  188  14:51  Marine  
  189  15:12  Marine  
  189  15:13  Marine x3  
  189  15:14  Marine x2  
  188  15:15  Siege Tank  
  136  15:27  Marine x4  
  136  15:28  Marine  
  117  15:31  Marine x4  
  121  15:35  Marine  
  121  15:36  Marine x2  
  122  15:46  Marine x6  
  122  15:47  Marine, Siege Tank  
  122  15:49  Marine  
  132  15:51  Marine x3  
  132  15:56  Marine x3  
  138  16:01  Medivac  
  140  16:07  Marine x4  
  140  16:08  Marine  
  145  16:19  Siege Tank  
  145  16:22  Marine x7  
  155  16:31  Marine x2  
  157  16:34  Marine x5  
Show
View Real Time Build Order
Export as new Build Order

Coldfran Terran 

Build Orders: Mech 

Get SALT Encoding   

  12  0:02  SCV  
  13  0:14  SCV  
  13  0:20  Supply Depot  
  14  0:26  SCV  
  15  0:42  SCV  
  16  0:44  Barracks  
  16  0:54  SCV  
  17  1:11  SCV  
  18  1:20  Command Center  
  18  1:24  SCV  
  19  1:31  Marine  
  20  1:36  Supply Depot, SCV  
  21  1:49  SCV  
  21  1:52  Supply Depot  
  21  1:54  Marine  
  22  2:07  SCV  
  23  2:13  Marine  
  23  2:19  SCV  
  23  2:20  Supply Depot  
  24  2:31  Marine, SCV  
  26  2:42  SCV  
  26  2:44  Supply Depot  
  27  2:45  Refinery  
  27  2:46  Orbital Command  
  27  2:48  Refinery  
  27  2:50  Marine  
  28  2:55  Orbital Command  
  28  3:00  Refinery  
  28  3:01  Refinery  
  28  3:15  SCV  
  29  3:23  Marine  
  30  3:29  Factory  
  30  3:35  SCV x2  
  32  3:47  SCV x2  
  34  3:55  Marine  
  35  4:04  SCV  
  35  4:07  Factory  
  35  4:08  Engineering Bay  
  30  4:32  Factory Tech Lab  
  30  4:40  SCV x2  
  32  4:52  SCV  
  33  4:54  Missile Turret  
  33  4:57  SCV  
  34  5:01  Missile Turret  
  34  5:04  SCV  
  34  5:05  Factory Tech Lab  
  35  5:13  Siege Tank  
  38  5:14  SCV  
  38  5:16  SCV  
  38  5:20  Barracks Reactor  
  40  5:22  Missile Turret  
  40  5:23  Missile Turret  
  40  5:25  Missile Turret  
  40  5:26  SCV  
  41  5:29  SCV  
  41  5:35  Siege Tank  
  45  5:38  SCV  
  46  6:11  Hi-Sec Auto Tracking  
  46  6:15  Factory  
  46  6:16  Supply Depot, Barracks Reactor  
  46  6:18  Supply Depot x2  
  46  6:19  Supply Depot  
  46  6:21  Supply Depot  
  46  6:38  Siege Tank, SCV x2  
  51  6:43  Armory  
  51  6:45  Siege Tank  
  51  6:46  Armory  
  54  6:50  SCV x2  
  53  7:04  Factory  
  53  7:09  Missile Turret  
  53  7:11  Widow Mine x3  
  53  7:14  Barracks Reactor  
  59  7:34  Missile Turret  
  59  7:52  Widow Mine x5  
  59  7:57  Terran Vehicle And Ship Armor Level 1, Terran Vehicle Weapons Level 1  
  69  7:59  Building Armor  
  69  8:07  Barracks Reactor  
  69  8:08  Factory  
  69  8:09  Factory  
  69  8:14  Widow Mine x4  
  69  8:15  SCV x2  
  79  8:25  Supply Depot  
  79  8:26  Supply Depot  
  80  8:27  SCV  
  80  8:28  Supply Depot  
  80  8:30  Supply Depot  
  80  8:31  Supply Depot  
  80  8:32  Supply Depot  
  80  8:51  Siege Tank x2  
  80  8:52  Widow Mine x3  
  82  9:04  Widow Mine x2  
  82  9:09  Missile Turret  
  82  9:11  Missile Turret  
  82  9:14  Factory Reactor  
  82  9:23  Siege Tank x2  
  88  9:31  Widow Mine x4  
  94  9:32  Widow Mine x2  
  100  9:39  Missile Turret  
  96  9:46  Missile Turret  
  96  9:52  Widow Mine  
  98  9:55  Siege Tank  
  98  9:56  Siege Tank  
  102  10:11  Widow Mine x5  
  98  10:28  Siege Tank x2  
  99  10:29  Command Center  
  99  10:35  Missile Turret  
  99  10:36  Widow Mine x2  
  88  10:52  Widow Mine x3  
  88  10:53  Widow Mine x3  
  82  10:58  Widow Mine  
  82  11:00  Siege Tank x2  
  90  11:14  Widow Mine x5  
  82  11:20  Drilling Claws  
  74  11:27  Widow Mine  
  74  11:32  Widow Mine x2  
  80  11:35  Widow Mine x4  
  88  11:40  Refinery  
  88  11:46  Missile Turret  
  84  11:51  Missile Turret  
  78  12:23  Siege Tank x2  
  78  12:24  Widow Mine x4  
  92  12:34  Sensor Tower  
  86  13:33  Siege Tank x2  
  86  13:34  Widow Mine x4  
  78  13:44  Widow Mine x2  
  76  13:55  Widow Mine x3  
  78  13:56  Widow Mine  
  80  14:05  Widow Mine x2  
  80  14:06  Widow Mine  
  84  14:27  Widow Mine x4  
  84  14:43  Widow Mine x4  
  92  14:48  Widow Mine  
  92  14:49  Widow Mine  
  92  14:51  Widow Mine x2  
  100  15:04  Widow Mine  
  100  15:22  Command Center  
  100  15:26  Refinery  
  100  15:28  Refinery  
  68  15:51  Siege Tank x2, Widow Mine x2  
  68  15:52  Widow Mine x4  
  82  16:13  Widow Mine x2  
  82  16:17  Missile Turret  
  92  16:30  Widow Mine  
Show
View Real Time Build Order
Export as new Build Order

ALEXQIU Protoss 

Build Orders:  

Get SALT Encoding   

  12  0:01  Probe (Chrono Boost)  
  13  0:11  Probe (Chrono Boost)  
  14  0:16  Probe  
  15  0:22  Pylon  
  15  0:41  Probe  
  16  0:46  Gateway  
  16  0:48  Assimilator  
  16  0:53  Probe  
  17  1:05  Probe (Chrono Boost)  
  18  1:15  Probe (Chrono Boost)  
  19  1:20  Probe (Chrono Boost)  
  20  1:31  Probe  
  20  1:40  Cybernetics Core  
  20  1:42  Pylon  
  20  1:43  Probe  
  20  1:44  Gateway  
  21  1:48  Zealot  
  23  2:00  Probe  
  18  2:25  Probe (Chrono Boost)  
  19  2:35  Probe (Chrono Boost)  
  20  2:38  Stalker  
  20  2:40  Probe (Chrono Boost)  
  20  2:42  Warp Gate (Chrono Boost)  
  23  2:51  Probe  
  24  3:01  Stalker  
  24  3:03  Probe  
  27  3:15  Probe  
  28  3:34  Nexus  
  28  3:41  Pylon  
  28  3:42  Probe  
  29  3:54  Shield Battery  
  29  3:57  Zealot  
  31  4:05  Assimilator  
  31  4:07  Stalker  
  33  4:30  Zealot  
  35  4:37  Zealot  
  37  4:41  Gateway  
  37  4:42  Forge  
  37  4:48  Gateway  
  37  4:52  Probe (Chrono Boost)  
  38  5:02  Probe (Chrono Boost)  
  38  5:04  Probe (Chrono Boost)  
  40  5:07  Probe (Chrono Boost)  
  41  5:22  Photon Cannon  
  41  5:25  Zealot x2  
  45  5:29  Photon Cannon  
  41  5:47  Probe x2  
  41  5:53  Gateway  
  41  5:59  Probe x2  
  41  6:02  Pylon  
  43  6:05  Assimilator  
  43  6:11  Probe x2  
  45  6:12  Protoss Ground Weapons Level 1 (Chrono Boost)  
  45  6:13  Pylon  
  45  6:23  Probe x2 (Chrono Boost)  
  47  6:29  Twilight Council  
  47  6:35  Probe (Chrono Boost)  
  49  6:41  Probe (Chrono Boost)  
  49  6:42  Photon Cannon  
  49  6:48  Probe (Chrono Boost)  
  49  6:53  Stalker x2  
  54  6:57  Probe (Chrono Boost)  
  56  7:05  Probe (Chrono Boost)  
  56  7:08  Probe (Chrono Boost)  
  57  7:09  Pylon  
  57  7:11  Photon Cannon, Blink (Chrono Boost)  
  57  7:18  Photon Cannon  
  57  7:23  Stalker  
  59  7:36  Stalker x2  
  62  7:46  Probe  
  62  7:51  Photon Cannon  
  63  7:55  Protoss Ground Armor Level 1 (Chrono Boost)  
  63  7:56  Probe  
  63  7:57  Photon Cannon  
  64  7:58  Probe  
  65  8:14  Robotics Facility  
  65  8:16  Probe, Pylon  
  65  8:19  Pylon  
  66  8:22  Zealot x3  
  72  8:40  Pylon  
  72  8:42  Assimilator  
  72  8:46  Stalker  
  72  8:47  Stalker  
  72  8:48  Charge (Chrono Boost)  
  76  9:02  Observer  
  77  9:04  Zealot x3  
  83  9:20  Dark Shrine  
  83  9:22  Pylon  
  83  9:37  Zealot x3  
  83  9:38  Zealot x2  
  93  9:39  Protoss Ground Weapons Level 2 (Chrono Boost)  
  93  9:48  Observer  
  94  10:01  Robotics Bay  
  94  10:02  Stalker x5  
  75  10:36  Stalker x4  
  75  10:37  Stalker  
  69  11:00  Dark Templar x5  
  65  11:34  Stalker x5  
  65  11:37  Protoss Ground Armor Level 2 (Chrono Boost)  
  75  11:41  Probe  
  75  11:42  Observer  
  67  12:04  Dark Templar x4  
  67  12:05  Dark Templar  
  76  12:38  Stalker x3  
  76  12:39  Stalker x2  
  86  12:55  Nexus  
  58  13:28  Zealot  
  58  13:29  Zealot x4  
  58  13:33  Protoss Ground Weapons Level 3 (Chrono Boost)  
  68  13:50  Stalker x4  
  68  13:51  Stalker  
  78  13:57  Gateway  
  78  13:58  Gateway  
  78  14:01  Gateway  
  78  14:04  Gateway  
  78  14:15  Pylon  
  78  14:18  Pylon  
  68  14:58  Stalker x2  
  68  14:59  Stalker x3  
  55  15:08  Probe (Chrono Boost)  
  55  15:13  Extended Thermal Lance (Chrono Boost)  
  56  15:17  Forge  
  56  15:18  Probe (Chrono Boost)  
  56  15:20  Colossus  
  63  15:23  Stalker x2  
  63  15:24  Stalker x3  
  63  15:25  Stalker x2  
  63  15:26  Stalker  
  79  15:56  Dark Templar x4  
  87  15:59  Stalker  
  87  16:00  Stalker  
  91  16:13  Stalker x2  
  91  16:14  Stalker  
Show
View Real Time Build Order
Export as new Build Order

Zver Protoss 

Build Orders:  

Get SALT Encoding   

  12  0:01  Probe  
  13  0:13  Probe  
  14  0:20  Pylon  
  14  0:25  Probe  
  15  0:38  Probe (Chrono Boost)  
  16  0:48  Probe (Chrono Boost)  
  17  0:54  Probe  
  18  1:06  Probe (Chrono Boost)  
  19  1:15  Nexus  
  19  1:16  Probe (Chrono Boost)  
  20  1:21  Probe (Chrono Boost)  
  20  1:23  Assimilator  
  21  1:29  Assimilator  
  21  1:32  Probe  
  21  1:36  Pylon  
  22  1:45  Probe  
  23  1:57  Probe  
  24  2:02  Forge  
  24  2:03  Gateway  
  24  2:09  Probe (Chrono Boost)  
  25  2:19  Probe (Chrono Boost)  
  26  2:24  Probe (Chrono Boost)  
  27  2:35  Probe, Photon Cannon  
  28  2:46  Photon Cannon  
  28  2:47  Probe  
  29  2:55  Cybernetics Core  
  29  2:59  Probe (Chrono Boost)  
  29  3:01  Photon Cannon  
  30  3:11  Probe (Chrono Boost)  
  31  3:17  Probe (Chrono Boost)  
  33  3:20  Probe (Chrono Boost), Assimilator  
  33  3:24  Assimilator  
  33  3:25  Probe (Chrono Boost)  
  33  3:26  Pylon  
  35  3:28  Probe (Chrono Boost)  
  35  3:30  Probe (Chrono Boost), Pylon  
  36  3:38  Probe  
  37  3:42  Stargate x2  
  37  3:45  Stargate  
  37  3:49  Probe (Chrono Boost)  
  39  3:55  Probe (Chrono Boost)  
  39  3:59  Probe (Chrono Boost)  
  40  4:04  Probe (Chrono Boost)  
  40  4:06  Photon Cannon  
  40  4:09  Photon Cannon  
  41  4:13  Photon Cannon  
  41  4:28  Void Ray x3  
  53  4:42  Photon Cannon  
  53  4:44  Pylon  
  53  4:45  Pylon, Protoss Air Armor Level 1  
  53  4:49  Protoss Shields Level 1  
  53  5:12  Void Ray  
  53  5:13  Nexus  
  57  5:19  Void Ray  
  61  5:30  Void Ray  
  65  5:39  Pylon  
  65  5:42  Pylon  
  65  5:55  Void Ray  
  69  6:02  Void Ray  
  73  6:05  Photon Cannon  
  73  6:08  Photon Cannon  
  73  6:13  Void Ray  
  77  6:19  Photon Cannon  
  77  6:22  Photon Cannon  
  77  6:28  Photon Cannon  
  77  6:33  Probe (Chrono Boost), Assimilator  
  77  6:37  Assimilator  
  78  6:42  Void Ray  
  78  6:43  Probe (Chrono Boost)  
  83  6:48  Probe (Chrono Boost)  
  84  6:56  Void Ray  
  84  6:59  Void Ray  
  92  7:02  Protoss Air Weapons Level 1  
  92  7:13  Probe  
  93  7:25  Probe  
  93  7:26  Fleet Beacon  
  94  7:30  Twilight Council  
  94  7:37  Cybernetics Core  
  94  7:38  Probe, Pylon  
  94  7:40  Pylon  
  94  7:41  Pylon  
  79  8:52  Void Ray  
  79  8:53  Void Ray x2  
  91  9:20  Protoss Shields Level 2  
  91  9:22  Protoss Air Armor Level 2 (Chrono Boost)  
  67  9:25  Void Ray (Chrono Boost)  
  67  9:26  Void Ray x2 (Chrono Boost)  
  67  9:33  Protoss Air Weapons Level 2 (Chrono Boost)  
  79  10:05  Void Ray x3 (Chrono Boost)  
  91  10:10  Stargate  
  91  10:41  Void Ray (Chrono Boost)  
  103  10:43  Void Ray (Chrono Boost)  
  103  10:45  Void Ray (Chrono Boost)  
  63  11:17  Void Ray (Chrono Boost)  
  63  11:20  Void Ray (Chrono Boost)  
  63  11:21  Void Ray x2 (Chrono Boost)  
  75  11:52  Void Ray  
  75  11:53  Protoss Air Armor Level 3  
  79  11:57  Void Ray x3  
  91  12:54  Protoss Air Weapons Level 3  
  91  12:58  Void Ray x4  
  66  13:40  Void Ray (Chrono Boost)  
  66  13:41  Void Ray x2 (Chrono Boost)  
  78  13:44  Void Ray (Chrono Boost)  
  82  14:14  Void Ray x3 (Chrono Boost)  
  82  14:15  Protoss Shields Level 3 (Chrono Boost)  
  90  14:17  Void Ray  
  98  14:56  Void Ray x3  
  110  15:04  Void Ray  
  114  15:39  Void Ray x3  
  126  16:00  Void Ray  
  130  16:40  Pylon, Nexus  
  130  16:42  Pylon  
Show
View Real Time Build Order
Export as new Build Order

Asystole Terran 

Build Orders:  

Get SALT Encoding   

  12  0:41  SCV  
  13  0:56  SCV  
  14  1:01  Refinery  
  14  1:05  Supply Depot  
  14  1:06  Refinery  
  14  1:14  Supply Depot  
  14  1:19  SCV  
  15  1:29  Barracks  
  15  1:34  SCV  
  16  1:46  SCV  
  17  1:58  SCV  
  18  2:10  SCV  
  19  2:17  Factory  
  19  2:22  Orbital Command  
  19  2:26  Supply Depot  
  19  2:52  SCV  
  19  2:54  Command Center  
  20  3:11  Starport, SCV  
  21  3:15  Starport  
  21  3:24  SCV  
  22  3:33  Supply Depot  
  22  3:36  SCV  
  23  3:48  SCV  
  23  3:49  Starport Tech Lab  
  23  3:52  Fusion Core  
  23  3:54  Starport Tech Lab  
  24  4:01  SCV  
  25  4:10  Refinery x2  
  25  4:13  SCV  
  25  4:14  SCV  
  27  4:25  SCV  
  27  4:26  SCV  
  29  4:37  SCV  
  30  4:38  SCV  
  31  4:47  Battlecruiser  
  31  4:49  SCV  
  31  4:50  SCV  
  39  5:01  SCV  
  39  5:03  SCV  
  41  5:11  Battlecruiser  
  41  5:13  SCV  
  48  5:15  SCV, Weapon Refit  
  49  5:25  SCV  
  49  5:27  Starport, SCV  
  51  5:37  Supply Depot, SCV  
  51  5:38  Supply Depot x2  
  53  5:42  Supply Depot  
  53  5:44  Orbital Command  
  52  5:53  Battlecruiser  
  58  6:03  Starport Tech Lab  
  58  6:15  Battlecruiser  
  64  6:40  Battlecruiser  
  64  6:42  Command Center  
  64  6:45  Refinery  
  70  6:53  Armory  
  70  6:57  Armory  
  70  7:11  SCV  
  70  7:12  SCV, Refinery  
  72  7:23  SCV  
  72  7:24  SCV  
  72  7:25  Battlecruiser  
  80  7:36  SCV x2  
  82  7:40  Terran Ship Weapons Level 1  
  82  7:45  Terran Vehicle And Ship Armor Level 1  
  82  7:48  SCV x2  
  84  7:54  Orbital Command  
  84  8:00  SCV x2  
  86  8:07  Battlecruiser  
  86  8:12  SCV x2  
  94  8:24  SCV  
  94  8:25  SCV  
  72  8:36  SCV  
  72  8:37  SCV  
  66  8:48  Battlecruiser  
  57  8:59  Battlecruiser  
  53  9:23  Command Center  
  39  9:48  SCV  
  40  10:00  SCV  
  41  10:12  SCV  
  42  10:19  Battlecruiser  
  48  10:24  SCV  
  49  10:34  SCV  
  50  10:36  SCV  
  46  10:46  SCV  
  41  11:17  Orbital Command  
  40  11:42  SCV  
  35  11:54  SCV  
  35  11:56  Command Center  
  29  12:06  SCV  
  30  12:17  Battlecruiser x2  
  30  12:18  SCV  
  42  12:31  SCV  
  43  12:43  SCV  
  44  12:55  SCV  
  45  13:07  SCV  
  40  13:19  SCV  
  41  13:31  SCV  
  42  13:43  SCV  
  44  13:55  SCV  
  44  14:00  Battlecruiser  
  50  14:07  SCV  
  51  14:19  SCV  
  52  14:32  SCV  
  53  14:39  Battlecruiser  
  53  14:44  SCV  
  60  15:09  Battlecruiser  
  48  15:28  Battlecruiser  
  48  15:43  Viking  
  50  16:13  Viking x2  
Show
View Real Time Build Order
Export as new Build Order

Shlansk Terran 

Build Orders: Reaper Expand, MMM Bio 

Get SALT Encoding   

  12  0:01  SCV  
  13  0:13  SCV  
  14  0:22  Supply Depot  
  14  0:25  SCV  
  15  0:44  SCV  
  15  0:46  Barracks  
  16  0:50  Refinery  
  16  0:56  SCV  
  17  1:09  SCV  
  18  1:21  SCV  
  19  1:34  Reaper  
  19  1:36  Orbital Command  
  20  1:49  Command Center  
  20  2:01  Barracks  
  20  2:02  SCV  
  21  2:12  Factory  
  21  2:19  SCV  
  21  2:21  Refinery  
  22  2:26  Barracks Reactor  
  22  2:33  Supply Depot  
  22  2:39  SCV  
  23  2:49  Barracks Tech Lab  
  23  2:54  SCV  
  24  3:06  Marine x2  
  24  3:09  Stimpack  
  24  3:10  SCV  
  24  3:11  Orbital Command  
  27  3:16  Marine  
  28  3:24  Marine x2  
  28  3:26  Starport  
  30  3:28  Factory Reactor  
  30  3:38  Marine  
  31  3:42  Marine x2  
  31  3:43  SCV  
  31  3:44  SCV  
  35  3:50  Engineering Bay  
  35  3:55  Marine  
  35  3:59  Supply Depot, Marine  
  37  4:09  Marine  
  38  4:12  Medivac x2  
  38  4:13  SCV x2  
  38  4:16  Marine  
  45  4:17  Marine  
  46  4:25  SCV  
  46  4:27  Marine  
  46  4:29  SCV  
  49  4:33  Supply Depot  
  49  4:34  Marine  
  49  4:35  Marine  
  49  4:37  Missile Turret  
  49  4:38  SCV  
  52  4:44  Missile Turret  
  52  4:46  Marine  
  52  4:51  Marine  
  54  4:55  Marine  
  54  4:58  SCV x2  
  57  5:03  Terran Infantry Weapons Level 1  
  57  5:05  Factory Tech Lab, Engineering Bay  
  57  5:09  Marine x2  
  57  5:10  SCV x2  
  61  5:23  Barracks  
  61  5:26  Barracks  
  61  5:28  SCV  
  62  5:33  Supply Depot  
  62  5:40  SCV  
  62  5:43  SCV  
  61  5:54  SCV  
  61  5:55  SCV  
  61  5:56  Combat Shields  
  63  5:57  Medivac x2  
  63  6:02  Missile Turret x2  
  67  6:06  SCV  
  67  6:07  SCV  
  67  6:08  Missile Turret  
  67  6:09  Missile Turret, Terran Infantry Armor Level 1  
  67  6:11  Barracks Reactor  
  69  6:13  Barracks Reactor  
  70  6:18  SCV  
  70  6:21  Missile Turret  
  70  6:31  Refinery  
  70  6:32  Refinery  
  70  6:39  Supply Depot  
  70  6:40  Supply Depot  
  70  6:43  Supply Depot  
  70  6:56  Command Center  
  70  7:00  Marine x3  
  70  7:01  Siege Tank, SCV x2  
  78  7:05  Marine x4, Medivac  
  78  7:07  Armory  
  84  7:13  SCV x2  
  86  7:18  Marine x2  
  88  7:25  SCV  
  88  7:26  Marine x5  
  94  7:32  SCV  
  93  7:44  SCV  
  93  7:50  Supply Depot x2  
  94  7:52  Supply Depot  
  94  7:54  Supply Depot  
  94  8:07  Marine x7, Terran Infantry Armor Level 2, Terran Infantry Weapons Level 2  
  94  8:08  Siege Tank, SCV x2  
  94  8:12  Sensor Tower  
  106  8:25  Marine x7  
  106  8:26  Barracks  
  113  8:32  Barracks, Terran Vehicle Weapons Level 1  
  113  8:36  Medivac x2  
  117  8:43  Marine x2  
  114  9:07  Marine x3  
  114  9:08  Marine x4  
  121  9:12  SCV x2  
  121  9:14  Marine  
  124  9:24  SCV x2  
  124  9:25  Marine x5  
  124  9:26  Marine x2  
  133  9:32  Marine  
  133  9:36  Missile Turret, SCV x2  
  136  9:43  Marine x3  
  136  9:45  Marine x2  
  141  10:03  Marine  
  141  10:06  SCV  
  141  10:11  Orbital Command  
  141  10:18  Supply Depot  
  141  10:23  Supply Depot  
  141  10:25  Supply Depot  
  141  10:26  Supply Depot  
  141  10:32  Marine x4  
  141  10:39  Marine x3  
  141  10:40  Marine, SCV x2  
  128  10:57  Marine  
  128  11:00  Marine  
  128  11:01  Marine x5  
  128  11:03  SCV x2  
  135  11:15  SCV  
  135  11:16  SCV  
  135  11:28  SCV  
  136  11:39  SCV  
  138  11:40  SCV x2  
  138  11:41  Marine  
  138  11:42  Marine x8  
  148  11:47  Terran Infantry Weapons Level 3  
  148  11:51  SCV  
  148  11:52  Terran Infantry Armor Level 3, SCV  
  150  11:59  Marine x4  
  150  12:00  Marine x5  
  143  12:12  Medivac x2  
  147  12:17  Marine x7  
  147  12:18  Marine x2  
  156  12:35  Marine x8  
  164  12:40  Missile Turret  
  164  12:41  Missile Turret  
  164  12:42  Medivac x2, Missile Turret x2  
  168  12:46  Missile Turret x2  
  72  13:35  Marine x7  
  73  13:41  Marine  
  73  13:42  Marine  
  75  13:52  Marine  
  75  13:53  Marine x6  
  82  13:59  Marine x2  
  82  14:10  Marine  
  82  14:11  Marine x6  
  89  14:17  Marine x2  
  90  14:28  Marine x3  
  90  14:29  Marine x4  
  97  14:35  Marine x2  
  97  14:37  Command Center  
  99  14:46  Marine x4  
  99  14:47  Marine  
  106  14:53  Marine x2  
  108  15:04  Marine x5  
  111  15:10  Marine  
  111  15:11  Marine  
  111  15:22  Marine x5  
  112  15:28  Marine  
  112  15:29  Marine  
  114  15:40  Marine x3  
  117  15:46  Marine  
  117  15:48  Marine x3  
  115  15:57  Marine x2  
  115  15:58  Marine  
  118  16:04  Marine  
  118  16:06  Marine x3  
  122  16:15  Marine x3  
  124  16:22  Marine  
  124  16:23  Marine x3  
  127  16:33  Marine x3  
Show
View Real Time Build Order
Export as new Build Order

JaySlays Zerg 

Build Orders: Pool First 

Get SALT Encoding   

  12  0:02  Drone  
  13  0:24  Spawning Pool  
  13  0:26  Drone  
  13  0:35  Overlord  
  13  0:40  Extractor  
  13  0:42  Drone  
  13  0:57  Drone  
  14  1:12  Zergling x6  
  14  1:15  Queen  
  19  1:25  Drone  
  20  1:43  Zergling x2  
  21  1:59  Zergling x2  
  22  2:07  Overlord  
  22  2:18  Zergling x2  
  20  2:27  Zergling x2  
  21  2:32  Drone  
  21  2:35  Metabolic Boost  
  22  2:51  Hatchery  
  22  2:54  Zergling x2, Baneling Nest  
  22  2:55  Zergling x2  
  22  3:02  Zergling x2  
  22  3:03  Zergling x4  
  26  3:20  Drone x2  
  26  3:25  Queen  
  29  3:33  Overlord  
  29  3:45  Zergling x2  
  30  3:51  Baneling x4  
  30  3:52  Baneling x2  
  30  3:58  Zergling x2  
  31  4:05  Drone x2  
  25  4:27  Zergling x2  
  25  4:28  Drone x2  
  25  4:29  Drone x3  
  28  4:43  Zergling x2  
  28  4:44  Zergling x6  
  32  4:49  Drone  
  33  5:07  Lair  
  33  5:13  Drone x5  
  38  5:19  Overlord  
  38  5:43  Queen  
  38  5:45  Zergling x12  
  46  5:54  Evolution Chamber  
  45  6:02  Drone x4  
  45  6:03  Drone  
  50  6:09  Overlord  
  50  6:13  Zergling x2  
  51  6:27  Queen  
  51  6:32  Hatchery  
  52  6:34  Hydralisk Den  
  51  6:51  Zergling x16  
  59  6:55  Zerg Melee Weapons Level 1  
  59  7:03  Extractor  
  59  7:04  Grooved Spines  
  58  7:21  Zergling x2  
  59  7:23  Overlord x5  
  55  7:58  Zergling x16  
  56  7:59  Zergling x4  
  56  8:01  Baneling x9  
  56  8:02  Baneling x3  
  56  8:05  Drone x3  
  66  8:06  Drone x4  
  69  8:29  Hydralisk x3  
  74  8:35  Extractor  
  74  8:36  Extractor  
  72  8:55  Overlord x2  
  72  8:56  Overlord x5  
  72  9:11  Zerg Missile Weapons Level 1  
  72  9:13  Hydralisk  
  72  9:14  Hydralisk x3  
  80  9:42  Hydralisk  
  82  9:52  Drone x3  
  85  9:53  Drone x2  
  85  9:54  Hatchery  
  59  10:26  Drone x6  
  62  10:49  Hydralisk x6  
  74  11:05  Muscular Augments  
  74  11:22  Hydralisk x10  
  94  11:38  Hydralisk x4  
  102  11:42  Queen  
  102  11:47  Zerg Missile Weapons Level 2  
  104  11:55  Drone x5  
  109  12:23  Zergling x2  
  109  12:24  Zergling x28  
  124  12:31  Extractor  
  124  12:32  Extractor  
  118  12:57  Hatchery  
  117  12:59  Zergling x2  
  117  13:00  Zergling x10  
  121  13:09  Overseer  
  121  13:10  Overseer  
  118  13:25  Hydralisk x6  
  105  13:37  Hydralisk x2  
  109  13:45  Queen  
  111  13:56  Infestation Pit  
  110  14:07  Zergling x2  
  110  14:08  Spire, Zergling x6  
  110  14:09  Spire  
  112  14:18  Hydralisk, Zergling x2  
  112  14:19  Hydralisk  
  112  14:33  Hydralisk x4  
  117  15:13  Hatchery  
  110  15:17  Zergling x10  
  110  15:18  Zergling x8  
  57  15:37  Zergling x16  
  56  15:54  Corruptor x2  
Show
View Real Time Build Order
Export as new Build Order

Wolf Protoss 

Build Orders: 1 Gate Expand, Double Forge, Oracle Opening 

Get SALT Encoding   

  12  0:02  Probe  
  13  0:14  Probe  
  13  0:19  Pylon  
  14  0:26  Probe  
  15  0:38  Gateway  
  15  0:39  Probe (Chrono Boost)  
  16  0:45  Assimilator  
  16  0:49  Probe (Chrono Boost)  
  17  0:54  Probe  
  18  1:06  Probe  
  19  1:19  Probe  
  19  1:25  Cybernetics Core  
  20  1:31  Probe  
  21  1:43  Nexus  
  21  1:50  Assimilator  
  21  1:52  Probe  
  22  2:05  Probe (Chrono Boost)  
  22  2:07  Warp Gate  
  23  2:24  Pylon  
  23  2:27  Stargate  
  23  2:39  Pylon  
  23  2:42  Probe  
  24  2:49  Stalker  
  26  2:54  Probe  
  26  2:56  Probe  
  28  3:03  Gateway  
  28  3:06  Probe  
  28  3:08  Probe  
  28  3:09  Oracle (Chrono Boost)  
  33  3:18  Probe  
  34  3:20  Probe  
  35  3:30  Probe  
  35  3:32  Probe  
  37  3:36  Oracle (Chrono Boost)  
  40  3:42  Probe  
  40  3:44  Probe  
  42  3:52  Assimilator  
  42  3:54  Probe, Assimilator  
  43  3:56  Probe  
  44  4:05  Twilight Council  
  44  4:07  Probe  
  44  4:08  Probe  
  46  4:36  Probe x2  
  46  4:38  Void Ray (Chrono Boost)  
  52  4:42  Pylon  
  52  4:44  Pylon  
  52  4:50  Forge  
  52  4:52  Probe, Forge  
  53  4:53  Probe  
  53  4:55  Gateway, Charge  
  53  4:57  Gateway  
  54  5:12  Probe x2  
  56  5:21  Void Ray (Chrono Boost)  
  60  5:33  Probe x2  
  60  5:34  Zealot  
  60  5:35  Protoss Ground Weapons Level 1 (Chrono Boost), Protoss Ground Armor Level 1 (Chrono Boost), Zealot  
  66  6:01  Void Ray (Chrono Boost)  
  70  6:15  Pylon  
  70  6:17  Pylon  
  70  6:20  Pylon  
  70  6:26  Stargate  
  70  6:28  Stargate  
  70  6:31  Stargate  
  70  6:37  Protoss Air Weapons Level 1 (Chrono Boost)  
  70  6:43  Void Ray  
  74  7:11  Probe  
  74  7:12  Probe  
  76  7:31  Void Ray  
  76  7:35  Void Ray x2  
  88  7:38  Void Ray  
  92  7:44  Nexus  
  92  7:46  Assimilator  
  92  7:51  Pylon  
  92  8:07  Void Ray  
  92  8:18  Void Ray (Chrono Boost)  
  100  8:28  Gateway  
  100  8:29  Gateway  
  100  8:30  Gateway  
  100  8:31  Pylon  
  100  8:33  Gateway  
  100  8:34  Pylon  
  100  8:35  Gateway  
  100  8:36  Pylon  
  100  8:39  Pylon  
  100  8:44  Pylon  
  100  8:46  Pylon  
  100  8:47  Void Ray x2 (Chrono Boost)  
  100  8:50  Void Ray (Chrono Boost)  
  112  9:32  Void Ray x3  
  124  9:49  Void Ray  
  128  9:57  Zealot  
  128  9:58  Pylon x2, Zealot x5  
  128  9:59  Zealot x3  
  146  10:00  Pylon x2  
  146  10:04  Pylon  
  146  10:17  Void Ray x2  
  146  10:20  Zealot x3  
  146  10:21  Zealot x3  
  164  10:22  Zealot  
  128  11:12  Void Ray x4  
  110  11:54  Void Ray x2  
  110  11:55  Protoss Shields Level 1  
  118  12:10  Nexus  
  118  12:32  Void Ray x2  
  126  12:37  Void Ray  
  130  13:06  Nexus  
  113  13:56  Void Ray x4  
  108  14:39  Void Ray  
Tags
 
Add a new tag
Caveats
  • Supply blocks, unpowered buildings, or Contaminate may cause inaccurate times.
  • Supply counts are checked every 10 seconds.